 Dungeon Crawl Stone Soup version 0.31-a0-4-gefa6de2278 (webtiles) character file.

Game seed: 2002407699274750085

2981 Ijustatesigmund the Destroyer (level 9, -12/65 (67) HPs)
             Began as a Gnoll Conjurer on May 4, 2023.
             Was an Initiate of Vehumet.
             Mangled by a sun demon (19 damage)
             ... summoned by an orc sorcerer
             ... on level 8 of the Dungeon.
             The game lasted 00:23:04 (9261 turns).

Ijustatesigmund the Destroyer (Gnoll Conjurer)      Turns: 9261, Time: 00:23:04

HP:   -12/65 (67)   AC:  5    Str:  7    XL:     9   Next: 83%
MP:   3/19          EV: 14    Int: 22    God:    Vehumet [......]
Gold: 280           SH:  0    Dex: 10    Spells: 14/22 levels left

rFire   . . .        b - +2 rapier (venom)
rCold   . . .        (no shield)
rNeg    . . .        a - +0 robe
rPois   .            (no helmet)
rElec   .            (no cloak)
rCorr   .            (no gloves)
SInv    .            w - +2 pair of boots
Will    .....        (no amulet)
Stlth   +++          (no ring)
HPRegen 0.30/turn    (no ring)
MPRegen 0.16/turn

%: no passive effects
@: hasted, lightly drained, very quick
A: fangs 1, strong nose, distributed training
a: Renounce Religion


You were on level 8 of the Dungeon.
You worshipped Vehumet.
Vehumet was noncommittal.
You visited 2 branches of the dungeon, and saw 9 of its levels.

You collected 346 gold pieces.
You spent 66 gold pieces at shops.

Inventory:

Hand Weapons
 b - a +2 rapier of venom (weapon)
Missiles
 c - 13 poisoned darts (quivered)
 n - 3 throwing nets
Armour
 a - a +0 robe (worn)
 w - a +2 pair of boots (worn)
Jewellery
 y - an amulet of guardian spirit
 z - a +5 ring of evasion
Scrolls
 k - 2 scrolls of teleportation
 m - 3 scrolls of poison
 o - a scroll of amnesia
 s - 3 scrolls of immolation
 t - a scroll of fear
Potions
 d - 2 potions of attraction
 e - a potion of cancellation
 f - 4 potions of curing
 g - a potion of haste
 h - 3 potions of flight {unknown}
 i - 2 potions of degeneration {unknown}
 j - 2 potions of mutation {unknown}
 l - 2 potions of lignification {unknown}
 p - a potion of brilliance {unknown}
 r - 3 potions of might
 u - a potion of ambrosia {unknown}
 v - a potion of heal wounds
 x - 2 potions of resistance {unknown}


   Skills:
 + Level 4.8 Fighting
 + Level 4.8 Short Blades
 + Level 4.8 Long Blades
 + Level 4.8 Axes
 + Level 4.8 Maces & Flails
 + Level 4.8 Polearms
 + Level 4.8 Staves
 + Level 4.8 Ranged Weapons
 + Level 4.8 Throwing
 + Level 4.8 Armour
 + Level 6.7 Dodging
 + Level 6.4 Stealth
 + Level 4.8 Shields
 + Level 4.8 Unarmed Combat
 + Level 7.0 Spellcasting
 + Level 8.2 Conjurations
 + Level 4.0 Hexes
 + Level 4.0 Summonings
 + Level 4.0 Necromancy
 + Level 4.0 Translocations
 + Level 4.0 Transmutations
 + Level 4.0 Fire Magic
 + Level 4.0 Ice Magic
 + Level 4.0 Air Magic
 + Level 4.0 Earth Magic
 + Level 4.0 Poison Magic
 + Level 5.3 Invocations
 + Level 4.8 Evocations


You had 14 spell levels left.
You knew the following spells:

 Your Spells              Type           Power      Damage    Failure   Level
a - Magic Dart            Conj           100%       1d8       1%          1
b - Searing Ray           Conj           88%        2d7       1%          2
c - Iskenderun's Mystic   Conj/Tloc      34%        2d8       7%          4
d - Apportation           Tloc           50%        N/A       1%          1

Your spell library contained the following spells:

 Spells                   Type           Power      Damage    Failure   Level
 Necrotise                Necr           100%       1d9       1%          1
 Slow                     Hex            100%       N/A       1%          1
 Summon Small Mammal      Summ           100%       N/A       1%          1
 Dazzling Flash           Conj/Hex       68%        N/A       1%          3
 Confusing Touch          Hex            25%        N/A       4%          3
 Vampiric Draining        Necr           25%        2d7       4%          3
 Fulminant Prism          Conj/Hex       17%        3d11      7%          4
 Petrify                  Tmut/Erth      25%        N/A       16%         4
 Metabolic Englaciation   Hex/Ice        12%        N/A       41%         5
 Statue Form              Tmut/Erth      16%        N/A       94%         6


Dungeon Overview and Level Annotations

Branches:
Dungeon (8/15)             Temple (1/1) D:6
   Lair: D:8-11

Altars:
Ashenzari
Cheibriados
Dithmenos
Elyvilon
Fedhas
Gozag
Hepliaklqana
Kikubaaqudgha
Makhleb
Okawaru
Qazlal
Ru
Sif Muna
Uskayaw
Vehumet
Xom
Yredelemnul
Zin
Ignis

Shops:
D:1 *


Innate Abilities, Weirdness & Mutations

You have very sharp teeth.
Your uncanny sense of smell can sniff out nearby items.
Your experience applies equally to all skills.


Message History

Your Air Magic skill increases to level 4!
Your Earth Magic skill increases to level 4!
Your Poison Magic skill increases to level 4!
You feel very sick.
Casting: Iskenderun's Mystic Blast (dangerous; 7% risk of failure)
Confirm with . or Enter, or press ? or * to list all spells.
You erupt in a blast of force!
The mystic blast hits the orc sorcerer.
The orc sorcerer is moderately wounded.
The orc sorcerer is knocked back by the mystic blast.
The mystic blast hits the sun demon!
The sun demon is lightly wounded.
The sun demon is knocked back by the mystic blast.
You feel sick.
You feel sick.
You feel better. The sun demon completely misses you.
You feel yourself speed up.
You hear the faint creaking of a distant portcullis.
The orc sorcerer casts a spell.
The sun demon misses you.
Casting: Iskenderun's Mystic Blast (dangerous; 7% risk of failure)
Confirm with . or Enter, or press ? or * to list all spells.
You erupt in a blast of force!
The mystic blast hits the sun demon!
The sun demon is moderately wounded.
The sun demon is knocked back by the mystic blast.
The sun demon collides with the orc sorcerer!
The orc sorcerer is moderately wounded.
The sun demon is moderately wounded.
You hear a shout! x2
The sun demon hits you!
* * * LOW HITPOINT WARNING * * *
You are engulfed in flames!
* * * LOW HITPOINT WARNING * * *
As you read the scroll of summoning, it crumbles to dust.
Wisps of shadow whirl around you...
The orc sorcerer points at you and mumbles some strange words.
The bolt of fire hits your sky beast!!
Your sky beast dies!
Your sky beast's corpse dissolves into shadows!
The bolt of fire hits the sun demon.
The sun demon completely resists.
The bolt of fire misses you. The sun demon hits you!!
You die...

............#.#
............#.# .
.....#+##+#...####....
..........#...'.......
#...y...).....###.....
......$...............
...............#......
......####.#.........
....##.@3......##....
... #o.≈≈§o~≈≈..# +##
.. #Y≈≈##4##≈≈.# . ∆
#.≈##...##≈.# ...≈
4.!.#~.# ....≈
.........+ ...#.≈
...[.#~..#
...#.≈##...##≈.


You could see a sun demon (summoned, ally target), an orc sorcerer, a red devil
(summoned), a friendly ice beast (summoned) and a friendly orc (summoned).

Vanquished Creatures
  Pikel (Temple)
  Prince Ribbit (D:7)
  Edmund (D:4)
  4 sky beasts
  An orc warrior (D:7)
  A centaur (D:7)
  3 lemures (Temple)
  2 phantoms
  A kobold brigand (D:7)
  3 scorpions
  3 wights
  A killer bee (D:8)
  An electric eel (D:7)
  3 howler monkeys (D:7)
  A crimson imp (D:7)
  3 jellies
  5 orc priests
  3 gnoll boudas
  3 hounds
  3 sleepcaps
  An iguana (D:5)
  6 orc wizards
  5 adders
  14 gnolls
  A shadow imp (D:6)
  An ufetubus (D:2)
  4 worms (D:2)
  2 dart slugs
  16 orcs
  3 ball pythons
  9 endoplasms
  2 giant cockroaches
  4 goblins
  5 hobgoblins
  3 jackals (D:5)
  9 kobolds
  4 bats
  4 frilled lizards
  9 rats
  A spectral hobgoblin (D:3)
147 creatures vanquished.

Vanquished Creatures (others)
  2 kobolds (D:7)
2 creatures vanquished.

Grand Total: 149 creatures vanquished

Notes
Turn   | Place    | Note
-------+----------+-------------------------------------------
     0 | D:1      | Ijustatesigmund the Gnoll Conjurer began the quest for the
                  | Orb.
     0 | D:1      | Reached XP level 1. HP: 13/13 MP: 6/6
    10 | D:1      | Found Tonurahof's Assorted Antiques.
   166 | D:1      | Reached XP level 2. HP: 19/19 MP: 4/7
   203 | D:1      | Learned a level 2 spell: Searing Ray
   871 | D:2      | Reached skill level 5 in Spellcasting
   871 | D:2      | Reached XP level 3. HP: 25/25 MP: 5/9
  1017 | D:2      | Reached skill level 1 in Invocations
  1294 | D:2      | Reached skill level 1 in Fighting
  1294 | D:2      | Reached skill level 1 in Short Blades
  1294 | D:2      | Reached skill level 1 in Long Blades
  1294 | D:2      | Reached skill level 1 in Axes
  1294 | D:2      | Reached skill level 1 in Maces & Flails
  1294 | D:2      | Reached skill level 1 in Polearms
  1294 | D:2      | Reached skill level 1 in Staves
  1294 | D:2      | Reached skill level 1 in Ranged Weapons
  1294 | D:2      | Reached skill level 1 in Throwing
  1294 | D:2      | Reached skill level 1 in Armour
  1294 | D:2      | Reached skill level 1 in Shields
  1294 | D:2      | Reached skill level 1 in Unarmed Combat
  1294 | D:2      | Reached skill level 1 in Evocations
  1299 | D:2      | Reached skill level 1 in Hexes
  1299 | D:2      | Reached skill level 1 in Summonings
  1299 | D:2      | Reached skill level 1 in Necromancy
  1299 | D:2      | Reached skill level 1 in Translocations
  1299 | D:2      | Reached skill level 1 in Transmutations
  1299 | D:2      | Reached skill level 1 in Fire Magic
  1299 | D:2      | Reached skill level 1 in Ice Magic
  1299 | D:2      | Reached skill level 1 in Air Magic
  1299 | D:2      | Reached skill level 1 in Earth Magic
  1299 | D:2      | Reached skill level 1 in Poison Magic
  1299 | D:2      | Reached XP level 4. HP: 32/32 MP: 2/11
  1305 | D:2      | Learned a level 4 spell: Iskenderun's Mystic Blast
  1774 | D:3      | Found a hide-covered altar of Uskayaw.
  1800 | D:3      | Noticed a phantom
  1807 | D:3      | Killed a phantom
  1808 | D:3      | Reached XP level 5. HP: 37/37 MP: 4/12
  1944 | D:3      | Found a faded altar of an unknown god.
  2615 | D:3      | Reached XP level 6. HP: 26/44 MP: 7/13
  2717 | D:4      | Reached skill level 5 in Dodging
  3158 | D:4      | Noticed Edmund
  3177 | D:4      | Killed Edmund
  3178 | D:4      | Reached XP level 7. HP: 15/51 MP: 6/15
  3442 | D:1      | Bought a scroll labelled ZIUR WETZIACLUB for 23 gold pieces
  3442 | D:1      | Bought a scroll labelled TAREGI FEICONLUSU for 23 gold
                  | pieces
  3442 | D:1      | Bought a puce potion for 20 gold pieces
  3994 | D:5      | Entered Level 5 of the Dungeon
  4054 | D:5      | Reached skill level 5 in Stealth
  4933 | D:5      | Reached XP level 8. HP: 33/58 MP: 4/16
  5120 | D:5      | Learned a level 1 spell: Apportation
  5905 | D:6      | Found a staircase to the Ecumenical Temple.
  5923 | Temple   | Entered the Ecumenical Temple
  6153 | D:6      | Noticed Pikel
  6474 | Temple   | Killed Pikel
  6614 | D:6      | Found an ancient bone altar of Kikubaaqudgha.
  6660 | D:6      | Found an opulent altar of Gozag.
  6954 | D:6      | Reached XP level 9. HP: 57/65 MP: 18/18
  7391 | D:7      | Reached skill level 8 in Conjurations
  7437 | D:7      | Noticed Prince Ribbit
  7439 | D:7      | Found a snail-covered altar of Cheibriados.
  8518 | D:7      | Reached skill level 5 in Invocations
  8522 | D:7      | Killed Prince Ribbit
  9011 | D:7      | Found a radiant altar of Vehumet.
  9012 | D:7      | Found a burning altar of Makhleb.
  9020 | D:7      | Became a worshipper of Vehumet
  9243 | D:8      | Noticed an orc sorcerer
  9249 | D:8      | Noticed a sun demon
  9256 | D:8      | Noticed a red devil
  9261 | D:8      | Mangled by a sun demon

Illustrated notes

Levels and vault maps discovered:
D:1:      minmay_arrival_three_doors, layout_loops_ring, serial_shops,
          nicolae_shop_tiny_glass
D:2:      layout_loops_ring
D:3:      layout_basic, mainiacjoe_overflow_boulevard,
          dreamdust_ecumenical_altar_drowned_temple
D:4:      layout_cave_pools, uniq_edmund
D:5:      cheibrodos_quashed, layout_layer_cave, minmay_misc_feat_cross
D:6:      layout_rooms, nicolae_gozag_cash_rules_everything_around_me,
          mainiacjoe_overflow_alcove_1, minmay_temple_entry_grid, uniq_pikel
D:7:      layout_cave_pools, kennysheep_mini,
          grunt_temple_overflow_lords_of_destruction, solitary_fountain,
          nicolae_lava_and_water, uniq_prince_ribbit1
D:8:      cheibrodos_wizards_tower, layout_basic,
          mainiacjoe_overflow_six_doors_small, erik_lair_orcish_takeover,
          serial_shops, nicolae_shop_rolled_up, enter_bailey_4
Temple:   pdpol_scorched_temple

Skill      XL: |  1  2  3  4  5  6  7  8  9 |
---------------+----------------------------+-----
Spellcasting   | 5 6 7 |  7.0
Invocations    | 1 2 3 4 5 |  5.3
Fighting       | 1 2 3 4 |  4.8
Short Blades   | 1 2 3 4 |  4.8
Long Blades    | 1 2 3 4 |  4.8
Axes           | 1 2 3 4 |  4.8
Maces & Flails | 1 2 3 4 |  4.8
Polearms       | 1 2 3 4 |  4.8
Staves         | 1 2 3 4 |  4.8
Ranged Weapons | 1 2 3 4 |  4.8
Throwing       | 1 2 3 4 |  4.8
Armour         | 1 2 3 4 |  4.8
Shields        | 1 2 3 4 |  4.8
Unarmed Combat | 1 2 3 4 |  4.8
Evocations     | 1 2 3 4 |  4.8
Hexes          | 1 2 3 4 |  4.0
Summonings     | 1 2 3 4 |  4.0
Necromancy     | 1 2 3 4 |  4.0
Translocations | 1 2 3 4 |  4.0
Transmutations | 1 2 3 4 |  4.0
Fire Magic     | 1 2 3 4 |  4.0
Ice Magic      | 1 2 3 4 |  4.0
Air Magic      | 1 2 3 4 |  4.0
Earth Magic    | 1 2 3 4 |  4.0
Poison Magic   | 1 2 3 4 |  4.0
Dodging        | 5 6 |  6.7
Stealth        | 5 6 |  6.4
Conjurations   | 8 |  8.2

Action                     |  1- 3 |  4- 6 |  7- 9 || total
---------------------------+-------+-------+-------++-------
  Melee: Short sword       |     3 |     6 |       ||     9
         Flail             |       |       |   100 ||   100
         Bite              |       |       |    26 ||    26
         Punch             |       |       |     7 ||     7
         Rapier            |       |       |   111 ||   111
  Throw: Dart              |       |     6 |    21 ||    27
   Cast: Magic Dart        |    55 |    75 |    49 ||   179
         Searing Ray       |       |     6 |    23 ||    29
         Iskenderun's Myst |       |     6 |    33 ||    39
    Use: Scroll            |     1 |     7 |    14 ||    22
         Potion            |       |     1 |     8 ||     9
   Stab: Sleeping          |       |       |     1 ||     1
 Armour: Robe              |     2 |     1 |    78 ||    81
  Dodge: Dodged            |     4 |    24 |   179 ||   207

Table legend: (Time is in decaauts)
 A = Elapsed time spent in this place.
 B = Non-inter-level travel time spent in this place.
 C = Inter-level travel time spent in this place.
 D = Time resting spent in this place.
 E = Time spent auto-exploring this place.
 F = Levels seen in this place.
 G = Mean time per level.
                   A        B        C        D        E       F      G
               +--------+--------+--------+--------+--------+-----+--------+
         Total |   9311 |   8915 |    396 |   3043 |   4684 |   9 | 1034.6 |
       Dungeon |   8712 |   8331 |    381 |   2600 |   4610 |   8 | 1089.0 |
        Temple |    598 |    583 |     15 |    442 |     74 |   1 |  598.0 |
               +--------+--------+--------+--------+--------+-----+--------+

Top non-repeatable levels by time:
     D:5: 1922 daAuts
     D:6: 1368 daAuts
     D:7: 1358 daAuts
     D:3: 1206 daAuts
     D:2: 958 daAuts
     D:1: 922 daAuts
     D:4: 921 daAuts
  Temple: 598 daAuts
     D:8: 54 daAuts
